[ AOE2 MATCH · #506056529 ]
UnrankedTupi vs Malians
Player's team · LOSS
Rival team · WIN
[ REPLAY ANALYSIS · EXTRACTED FROM THE RECORDED GAME ]
Feudal
11:46
Castle
18:50
Imperial
—
| APM avg | 62.1 |
| APM peak | 114 |
| eAPM avg | 34.4 |
| Villagers / military | 60 / 0 |
Focus
⚔️ 39.2% · 🌾 60.8%
Unknown (2550) ×57
Feudal
9:03
Castle
23:58
Imperial
—
| APM avg | 58.3 |
| APM peak | 92 |
| eAPM avg | 29.3 |
| Villagers / military | 39 / 19 |
Focus
⚔️ 53.5% · 🌾 46.5%
Militia ×19
Match map
Initial resources + every placement click. Lines = walls · curves = elevation contours. ◆ gold · ⬟ stone · ● berries · ✦ relic · ◌ wall gap
Your base· Open — unwalled flank
FYI Inc's base· Open — unwalled flank
Smoothed initial terrain · ◌ = detected wall gap · hover for details
Inputs per minute
— Hoanginator - - FYI Inc
Build order — Hoanginator
First 150 of 158 actions detected
| 0:00 | Create | Villager (Male) |
| 0:02 | Build | House |
| 0:02 | Build | House |
| 0:14 | Create | Villager (Male) |
| 0:14 | Create | Villager (Male) |
| 0:23 | Create | Villager (Male) |
| 0:23 | Create | Villager (Male) |
| 1:00 | Create | Villager (Male) |
| 1:00 | Create | Villager (Male) |
| 1:26 | Create | Villager (Male) |
| 1:26 | Create | Villager (Male) |
| 1:26 | Create | Villager (Male) |
| 1:58 | Create | Villager (Male) |
| 1:58 | Create | Villager (Male) |
| 1:59 | Create | Villager (Male) |
| 2:08 | Build | Settlement |
| 2:21 | Build | Settlement |
| 2:23 | Create | Villager (Male) |
| 2:23 | Create | Villager (Male) |
| 2:53 | Create | Villager (Male) |
| 2:53 | Create | Villager (Male) |
| 3:28 | Create | Villager (Male) |
| 3:28 | Create | Villager (Male) |
| 3:43 | Create | Villager (Male) |
| 3:43 | Create | Villager (Male) |
| 4:26 | Create | Villager (Male) |
| 4:26 | Create | Villager (Male) |
| 4:26 | Create | Villager (Male) |
| 4:28 | Create | Villager (Male) |
| 4:28 | Create | Villager (Male) |
| 4:28 | Create | Villager (Male) |
| 4:43 | Create | Villager (Male) |
| 4:43 | Create | Villager (Male) |
| 4:43 | Create | Villager (Male) |
| 4:48 | Build | Settlement |
| 5:01 | Build | Palisade Gate |
| 5:17 | Create | Villager (Male) |
| 5:17 | Create | Villager (Male) |
| 5:24 | Create | Villager (Male) |
| 5:24 | Create | Villager (Male) |
| 5:42 | Create | Villager (Male) |
| 5:42 | Create | Villager (Male) |
| 6:07 | Create | Villager (Male) |
| 6:07 | Create | Villager (Male) |
| 6:08 | Create | Villager (Male) |
| 6:30 | Build | Barracks |
| 6:42 | Create | Villager (Male) |
| 7:10 | Build | House |
| 7:10 | Build | House |
| 7:18 | Create | Unit 2550 |
| 7:18 | Create | Unit 2550 |
| 7:34 | Build | House |
| 7:52 | Build | House |
| 7:53 | Build | Palisade Wall |
| 7:58 | Build | Palisade Wall |
| 8:04 | Build | Palisade Wall |
| 8:15 | Create | Villager (Male) |
| 8:32 | Build | Palisade Wall |
| 8:39 | Create | Villager (Male) |
| 8:45 | Create | Unit 2550 |
| 9:02 | Research | Loom |
| 9:02 | Research | Loom |
| 9:19 | Build | Palisade Wall |
| 9:22 | Build | Palisade Wall |
| 9:24 | Research | Feudal Age |
| 9:25 | Research | Feudal Age |
| 9:25 | Research | Feudal Age |
| 9:37 | Build | House |
| 10:10 | Build | Palisade Wall |
| 10:14 | Build | Palisade Wall |
| 10:16 | Build | Palisade Wall |
| 10:19 | Build | Palisade Gate |
| 10:31 | Create | Villager (Male) |
| 10:31 | Create | Villager (Male) |
| 11:19 | Create | Villager (Male) |
| 11:29 | Build | Farm |
| 11:30 | Build | Farm |
| 11:32 | Build | Farm |
| 11:34 | Build | Farm |
| 11:46 | Age | Feudal Age |
| 11:53 | Build | Watch Tower |
| 11:58 | Research | Tech 1402 |
| 12:02 | Create | Villager (Male) |
| 12:09 | Create | Villager (Male) |
| 12:14 | Create | Villager (Male) |
| 12:48 | Create | Villager (Male) |
| 12:49 | Create | Villager (Male) |
| 12:52 | Build | Palisade Wall |
| 12:58 | Create | Villager (Male) |
| 12:58 | Create | Villager (Male) |
| 13:14 | Create | Villager (Male) |
| 13:20 | Create | Villager (Male) |
| 13:31 | Build | Farm |
| 13:32 | Build | Farm |
| 13:46 | Build | Market |
| 14:33 | Create | Villager (Male) |
| 15:46 | Build | Blacksmith |
| 16:10 | Research | Castle Age |
| 16:47 | Build | Watch Tower |
| 17:15 | Create | Villager (Male) |
| 17:34 | Create | Villager (Male) |
| 17:35 | Create | Villager (Male) |
| 17:59 | Create | Villager (Male) |
| 17:59 | Create | Villager (Male) |
| 18:17 | Create | Unit 2550 |
| 18:17 | Create | Unit 2550 |
| 18:18 | Create | Unit 2550 |
| 18:20 | Build | Barracks |
| 18:50 | Age | Castle Age |
| 18:53 | Create | Unit 2550 |
| 18:53 | Create | Unit 2550 |
| 18:53 | Create | Unit 2550 |
| 19:23 | Build | Palisade Wall |
| 19:28 | Create | Unit 2550 ×3 |
| 19:28 | Create | Unit 2550 ×3 |
| 19:28 | Create | Unit 2550 ×3 |
| 19:34 | Research | Tech 1351 |
| 19:47 | Create | Unit 2550 |
| 19:47 | Create | Unit 2550 |
| 19:48 | Create | Unit 2550 |
| 20:07 | Build | Settlement |
| 20:24 | Create | Unit 2550 ×2 |
| 20:24 | Create | Unit 2550 ×2 |
| 20:24 | Create | Unit 2550 ×2 |
| 21:02 | Build | Farm |
| 21:08 | Create | Unit 2550 |
| 21:09 | Create | Unit 2550 |
| 21:09 | Create | Unit 2550 |
| 21:43 | Create | Unit 2550 |
| 21:43 | Create | Unit 2550 |
| 21:52 | Create | Unit 2550 |
| 21:53 | Create | Unit 2550 |
| 22:08 | Create | Unit 2550 |
| 22:31 | Create | Unit 2550 |
| 22:31 | Create | Unit 2550 |
| 22:32 | Create | Unit 2550 |
| 22:47 | Create | Unit 2550 |
| 22:47 | Create | Unit 2550 |
| 23:00 | Build | Farm |
| 23:02 | Build | Farm |
| 23:06 | Build | Farm |
| 23:19 | Research | Scale Mail Armor |
| 23:19 | Research | Scale Mail Armor |
| 23:34 | Create | Unit 2550 |
| 23:34 | Create | Unit 2550 |
| 23:34 | Create | Unit 2550 |
| 23:45 | Create | Unit 2550 ×2 |
| 23:45 | Create | Unit 2550 ×2 |
| 23:45 | Create | Unit 2550 ×2 |
| 24:00 | Create | Unit 2550 |
Build order — FYI Inc
143 actions detected in the replay
| 0:01 | Create | Villager (Male) |
| 0:02 | Build | House |
| 0:03 | Build | House |
| 0:03 | Create | Villager (Male) |
| 0:14 | Create | Villager (Male) |
| 0:15 | Create | Villager (Male) |
| 1:25 | Create | Villager (Male) |
| 2:00 | Create | Villager (Male) |
| 2:05 | Build | Lumber Camp |
| 2:13 | Create | Villager (Male) |
| 2:13 | Create | Villager (Male) |
| 2:48 | Create | Villager (Male) |
| 3:06 | Create | Villager (Male) |
| 3:24 | Build | House |
| 3:40 | Create | Villager (Male) |
| 3:40 | Create | Villager (Male) |
| 4:24 | Create | Villager (Male) |
| 4:41 | Build | Mill |
| 4:53 | Create | Villager (Male) |
| 5:18 | Build | House |
| 5:23 | Create | Villager (Male) |
| 5:45 | Create | Villager (Male) |
| 5:55 | Build | Barracks |
| 6:05 | Research | Loom |
| 6:53 | Research | Feudal Age |
| 7:22 | Create | Militia |
| 7:36 | Create | Militia |
| 7:45 | Build | Mining Camp |
| 8:14 | Create | Militia |
| 8:14 | Create | Militia |
| 8:21 | Build | House |
| 9:03 | Age | Feudal Age |
| 9:07 | Build | Watch Tower |
| 9:09 | Create | Villager (Male) |
| 9:13 | Research | Man-at-Arms (upgrade) |
| 9:26 | Create | Villager (Male) |
| 9:57 | Build | Palisade Wall |
| 9:57 | Build | Palisade Wall |
| 9:57 | Build | Palisade Wall |
| 9:58 | Build | Palisade Wall |
| 9:58 | Build | Palisade Wall |
| 9:58 | Build | Palisade Wall |
| 9:59 | Build | Palisade Wall |
| 9:59 | Build | Palisade Wall |
| 9:59 | Build | Palisade Wall |
| 10:05 | Create | Villager (Male) |
| 10:09 | Build | Mill |
| 10:14 | Create | Villager (Male) |
| 10:17 | Build | Mining Camp |
| 10:37 | Create | Villager (Male) |
| 10:43 | Build | Farm |
| 11:03 | Build | House |
| 11:11 | Build | Palisade Wall |
| 11:15 | Build | Palisade Wall |
| 11:17 | Create | Villager (Male) |
| 11:24 | Build | Farm |
| 11:27 | Build | House |
| 11:41 | Create | Villager (Male) |
| 11:53 | Build | Watch Tower |
| 11:56 | Build | Palisade Wall |
| 11:58 | Build | Palisade Wall |
| 12:00 | Create | Villager (Male) |
| 12:25 | Create | Militia |
| 12:29 | Build | Farm |
| 12:42 | Build | Farm |
| 12:51 | Build | Farm |
| 12:51 | Create | Villager (Male) |
| 13:05 | Create | Militia |
| 13:18 | Build | Farm |
| 13:27 | Create | Villager (Male) |
| 13:39 | Build | Palisade Wall |
| 13:40 | Create | Villager (Male) |
| 13:43 | Build | Farm |
| 13:51 | Build | Watch Tower |
| 13:59 | Create | Militia |
| 14:14 | Create | Villager (Male) |
| 14:22 | Build | Palisade Wall |
| 14:23 | Build | Palisade Wall |
| 14:29 | Create | Villager (Male) |
| 14:50 | Create | Villager (Male) |
| 14:53 | Build | Farm |
| 15:01 | Create | Militia |
| 15:10 | Build | Farm |
| 15:12 | Research | Double-Bit Axe |
| 15:28 | Build | Watch Tower |
| 15:28 | Build | Palisade Wall |
| 15:35 | Create | Villager (Male) |
| 15:49 | Create | Villager (Male) |
| 15:52 | Build | Farm |
| 15:54 | Build | Farm |
| 15:55 | Build | House |
| 15:58 | Create | Militia |
| 16:28 | Create | Villager (Male) |
| 16:38 | Build | Blacksmith |
| 16:45 | Create | Villager (Male) |
| 17:06 | Create | Villager (Male) |
| 17:35 | Research | Fletching |
| 17:35 | Create | Villager (Male) |
| 17:42 | Build | Farm |
| 17:43 | Build | Farm |
| 17:51 | Create | Militia |
| 18:00 | Build | House |
| 18:18 | Create | Villager (Male) |
| 18:32 | Build | Farm |
| 18:35 | Build | House |
| 18:38 | Research | Wheelbarrow |
| 18:47 | Build | Farm |
| 19:48 | Create | Militia |
| 20:16 | Build | Watch Tower |
| 20:43 | Create | Villager (Male) |
| 20:48 | Build | Stable |
| 21:18 | Research | Castle Age |
| 21:18 | Research | Castle Age |
| 21:23 | Research | Forging |
| 21:26 | Build | Outpost |
| 21:35 | Build | Palisade Wall |
| 21:39 | Create | Militia |
| 21:48 | Create | Militia |
| 22:16 | Create | Militia |
| 22:26 | Build | House |
| 22:40 | Build | Farm |
| 22:47 | Build | Palisade Wall |
| 22:59 | Create | Militia |
| 23:08 | Build | Watch Tower |
| 23:09 | Build | Palisade Wall |
| 23:10 | Build | Palisade Wall |
| 23:10 | Build | Palisade Wall |
| 23:10 | Build | Palisade Wall |
| 23:11 | Build | Palisade Wall |
| 23:15 | Research | Scale Mail Armor |
| 23:16 | Create | Militia |
| 23:35 | Create | Militia |
| 23:43 | Research | Horse Collar |
| 23:43 | Research | Horse Collar |
| 23:57 | Create | Militia |
| 23:58 | Age | Castle Age |
| 24:11 | Research | Long Swordsman (upgrade) |
| 24:11 | Research | Long Swordsman (upgrade) |
| 24:18 | Build | Watch Tower |
| 24:26 | Build | Watch Tower |
| 24:28 | Create | Villager (Male) |
| 24:31 | Build | Farm |
| 24:33 | Create | Militia |
Match timeline
| 5:55 | FYI Inc · first_building Barracks |
| 6:30 | Hoanginator · first_building Barracks |
| 7:53 | Hoanginator · wall_segment Palisade Wall x9 |
| 7:58 | Hoanginator · wall_segment Palisade Wall x8 |
| 8:04 | Hoanginator · wall_segment Palisade Wall x2 |
| 8:32 | Hoanginator · wall_segment Palisade Wall x1 |
| 9:03 | FYI Inc · age_up feudal |
| 9:19 | Hoanginator · wall_segment Palisade Wall x1 |
| 9:22 | Hoanginator · wall_segment Palisade Wall x1 |
| 9:57 | FYI Inc · wall_segment Palisade Wall x2 |
| 9:57 | FYI Inc · wall_segment Palisade Wall x1 |
| 9:57 | FYI Inc · wall_segment Palisade Wall x1 |
| 9:58 | FYI Inc · wall_segment Palisade Wall x2 |
| 9:58 | FYI Inc · wall_segment Palisade Wall x2 |
| 9:58 | FYI Inc · wall_segment Palisade Wall x2 |
| 9:59 | FYI Inc · wall_segment Palisade Wall x2 |
| 9:59 | FYI Inc · wall_segment Palisade Wall x1 |
| 9:59 | FYI Inc · wall_segment Palisade Wall x1 |
| 10:10 | Hoanginator · wall_segment Palisade Wall x1 |
| 10:14 | Hoanginator · wall_segment Palisade Wall x1 |
| 10:16 | Hoanginator · wall_segment Palisade Wall x1 |
| 11:11 | FYI Inc · wall_segment Palisade Wall x1 |
| 11:15 | FYI Inc · wall_segment Palisade Wall x1 |
| 11:46 | Hoanginator · age_up feudal |
| 11:56 | FYI Inc · wall_segment Palisade Wall x1 |
| 11:58 | FYI Inc · wall_segment Palisade Wall x1 |
| 12:52 | Hoanginator · wall_segment Palisade Wall x1 |
| 13:39 | FYI Inc · wall_segment Palisade Wall x1 |
| 14:22 | FYI Inc · wall_segment Palisade Wall x1 |
| 14:23 | FYI Inc · wall_segment Palisade Wall x1 |
| 14:58 | Hoanginator · first_market_sell 500 wood |
| 14:58 | Hoanginator · first_market_buy 500 food |
| 15:28 | FYI Inc · wall_segment Palisade Wall x1 |
| 18:50 | Hoanginator · age_up castle |
| 19:23 | Hoanginator · wall_segment Palisade Wall x1 |
| 20:48 | FYI Inc · first_building Stable |
| 21:35 | FYI Inc · wall_segment Palisade Wall x1 |
| 22:47 | FYI Inc · wall_segment Palisade Wall x1 |
| 23:09 | FYI Inc · wall_segment Palisade Wall x1 |
| 23:10 | FYI Inc · wall_segment Palisade Wall x1 |
| 23:10 | FYI Inc · wall_segment Palisade Wall x1 |
| 23:10 | FYI Inc · wall_segment Palisade Wall x1 |
| 23:11 | FYI Inc · wall_segment Palisade Wall x1 |
| 23:58 | FYI Inc · age_up castle |
| 25:00 | Hoanginator · resign |
[ AI ANALYSIS · 1 CREDIT ]
What really happened in this match?
Wolo.gg analyzes every decision: build order, eco, micro, common mistakes by bracket. Personalized analysis on WhatsApp or Discord in 30 seconds.
Civ guide
Tupi
Perfil
Hoang (Hoanginator)